 Dungeon Crawl Stone Soup version 0.21.1-1-g345015fe64 (webtiles) character file.

595 Ivernyr the Vexing (level 7, -16/52 HPs)
             Began as a Gnoll Arcane Marksman on Mar 25, 2018.
             Demolished by an orc warrior
             ... wielding a +0 battleaxe
              (26 damage)
             ... on level 3 of the Dungeon.
             The game lasted 00:21:23 (4732 turns).

Ivernyr the Vexing (Gnoll Arcane Marksman)          Turns: 4732, Time: 00:21:24

Health: -16/52     AC:  5    Str: 12    XL:     7   Next: 40%
Magic:  12/12      EV: 16    Int: 15    God:
Gold:   128        SH:  0    Dex: 18    Spells: 9/13 levels left

rFire    . . .     SeeInvis .   a - +0 long sword
rCold    . . .     Gourm    .   (no shield)
rNeg     . . .     Faith    .   j - +0 robe
rPois    .         Spirit   .   h - +2 helmet
rElec    .         Reflect  .   (no cloak)
rCorr    .         Harm     .   (no gloves)
MR       +....                  (no boots)
Stlth    +++.......             (no amulet)
HPRegen  0.17/turn              l - ring of stealth
MPRegen  0.13/turn              x - ring of protection from magic

@: no status effects
A: distributed training, fangs 1, strong nose
a: no special abilities


You were on level 3 of the Dungeon.
You were very hungry.

You visited 1 branch of the dungeon, and saw 4 of its levels.

You collected 128 gold pieces.

Inventory:

Hand Weapons
 a - a +0 long sword (weapon)
 q - a +2 dagger of protection
Missiles
 c - 5 javelins (quivered)
 d - 2 throwing nets
 u - 19 poisoned needles
Armour
 h - a +2 helmet (worn)
 j - a +0 robe (worn)
 t - a +2 buckler of poison resistance
Jewellery
 k - an uncursed ring of see invisible
 l - a ring of stealth (left hand)
 x - a ring of protection from magic (right hand)
Scrolls
 g - 4 scrolls of identify {unknown}
 i - a scroll of magic mapping {unknown}
 r - a scroll of random uselessness {unknown}
 s - a scroll of teleportation {unknown}
 v - a scroll of remove curse {unknown}
Potions
 e - a potion of ambrosia {unknown}
 m - 4 potions of flight {unknown}
 n - a potion of heal wounds {unknown}
 o - 3 potions of haste {unknown}
 p - a potion of curing {unknown}
 w - a potion of cancellation {unknown}
Books
 b - a book of Debilitation

   Spells                             Type                      Level
   a - Corona                         Hexes                        1
   b - Slow                           Hexes                        2
   c - Inner Flame                    Hexes/Fire                   3
   d - Portal Projectile              Hexes/Translocation          3
   e - Cause Fear                     Hexes                        4
   f - Leda's Liquefaction            Hexes/Earth                  4
Comestibles
 f - 6 rations


   Skills:
 + Level 3.5 Fighting
 + Level 2.4 Short Blades
 + Level 2.4 Long Blades
 + Level 2.4 Axes
 + Level 2.4 Maces & Flails
 + Level 2.4 Polearms
 + Level 2.4 Staves
 + Level 2.4 Slings
 + Level 2.4 Bows
 + Level 2.4 Crossbows
 + Level 5.2 Throwing
 + Level 2.4 Armour
 + Level 5.2 Dodging
 + Level 2.4 Stealth
 + Level 2.4 Shields
 + Level 2.4 Unarmed Combat
 + Level 3.7 Spellcasting
 + Level 2.0 Conjurations
 + Level 5.8 Hexes
 + Level 2.0 Charms
 + Level 2.0 Summonings
 + Level 2.0 Necromancy
 + Level 2.0 Translocations
 + Level 2.0 Transmutations
 + Level 2.0 Fire Magic
 + Level 2.0 Ice Magic
 + Level 2.0 Air Magic
 + Level 2.0 Earth Magic
 + Level 2.0 Poison Magic
 + Level 2.6 Invocations
 + Level 2.4 Evocations


You had 9 spell levels left.
You knew the following spells:

 Your Spells              Type           Power        Failure   Level  Hunger
a - Corona                Hex            ###....      1%          1    None
b - Portal Projectile     Hex/Tloc       ##....       11%         3    ###....


Dungeon Overview and Level Annotations

Branches:
Dungeon (4/15)
 Temple: D:4-7

Altars:
Dithmenos
Fedhas
Gozag
Makhleb
Ru
Uskayaw


Innate Abilities, Weirdness & Mutations

Your experience applies equally to all skills.
You have very sharp teeth.
Your uncanny sense of smell can sniff out nearby items.


Message History

You barely miss the orc warrior.
The orc warrior hits you with a battleaxe.
You hit the orc warrior but do no damage.
The orc warrior misses you.
You hit the orc warrior but do no damage.
You bite the orc warrior, but do no damage.
The orc warrior hits you with a battleaxe!!
* * * LOW HITPOINT WARNING * * *
The orc warrior stops glowing.
You see here a shield.
You see here a shield.
There is a stone staircase leading down, spattered with blood here.
The orc warrior hits you with a battleaxe!!
* * * LOW HITPOINT WARNING * * *
You are feeling very hungry.
You see here a dagger.
There is a stone staircase leading up here.
The orc warrior hits you with a battleaxe!!
Ouch! That really hurt!
You die...

#.# # ####.###
#....... #.##....
#.######
#######.######
#.............
#########.#####.######
#...o@....# #.#
#.#####.#.#####.# #.#
#.###......###### #.#
##.#.......[..... #.#
##.############. ##.##
### #. ##)..####### #.
#..........# #.
#.....####.# #.


You could see an orc warrior.

Vanquished Creatures
  An ogre (D:4)
  A scorpion (D:4)
  2 hounds
  A gnoll shaman (D:4)
  Jessica (D:3)
  A centaur skeleton (D:4)
  An orc wizard (D:3)
  3 worker ants (D:4)
  Natasha (D:4)
  Robin (D:3)
  4 gnolls (D:4)
  5 adders
  An adder skeleton (D:4)
  2 worms
  3 dart slugs
  2 leopard geckos (D:3)
  3 orcs (D:3)
  2 giant cockroaches
  17 goblins
  12 hobgoblins
  4 jackals (D:3)
  2 quokkas
  A ball python (D:2)
  7 bats
  10 frilled lizards
  3 kobolds
  9 rats
100 creatures vanquished.

Notes
Turn   | Place    | Note
-------+----------+-------------------------------------------
     0 | D:1      | Ivernyr the Gnoll Arcane Marksman began the quest for the Orb.
     0 | D:1      | Reached XP level 1. HP: 17/17 MP: 4/4
   473 | D:1      | Reached XP level 2. HP: 23/23 MP: 3/5
  1056 | D:2      | Reached XP level 3. HP: 16/28 MP: 2/7
  1321 | D:2      | Found an opulent altar of Gozag.
  1364 | D:2      | Learned a level 3 spell: Portal Projectile
  1493 | D:2      | Reached skill level 1 in Invocations
  1575 | D:2      | Reached skill level 1 in Short Blades
  1575 | D:2      | Reached skill level 1 in Long Blades
  1575 | D:2      | Reached skill level 1 in Axes
  1575 | D:2      | Reached skill level 1 in Maces & Flails
  1575 | D:2      | Reached skill level 1 in Polearms
  1575 | D:2      | Reached skill level 1 in Staves
  1575 | D:2      | Reached skill level 1 in Slings
  1575 | D:2      | Reached skill level 1 in Bows
  1575 | D:2      | Reached skill level 1 in Crossbows
  1575 | D:2      | Reached skill level 1 in Armour
  1575 | D:2      | Reached skill level 1 in Stealth
  1575 | D:2      | Reached skill level 1 in Shields
  1575 | D:2      | Reached skill level 1 in Unarmed Combat
  1575 | D:2      | Reached skill level 1 in Evocations
  1638 | D:2      | Found a burning altar of Makhleb.
  1651 | D:2      | Reached XP level 4. HP: 12/34 MP: 6/8
  2088 | D:2      | Reached skill level 1 in Conjurations
  2088 | D:2      | Reached skill level 1 in Charms
  2088 | D:2      | Reached skill level 1 in Summonings
  2088 | D:2      | Reached skill level 1 in Necromancy
  2088 | D:2      | Reached skill level 1 in Translocations
  2088 | D:2      | Reached skill level 1 in Transmutations
  2088 | D:2      | Reached skill level 1 in Fire Magic
  2088 | D:2      | Reached skill level 1 in Ice Magic
  2088 | D:2      | Reached skill level 1 in Air Magic
  2088 | D:2      | Reached skill level 1 in Earth Magic
  2088 | D:2      | Reached skill level 1 in Poison Magic
  2348 | D:3      | Noticed Jessica
  2360 | D:3      | Killed Jessica
  2360 | D:3      | Reached XP level 5. HP: 37/40 MP: 9/9
  2384 | D:3      | Noticed Robin
  2444 | D:3      | Killed Robin
  2571 | D:3      | Found a sacrificial altar of Ru.
  2575 | D:3      | Found a blossoming altar of Fedhas.
  2576 | D:3      | Found a shadowy altar of Dithmenos.
  2576 | D:3      | Found a hide-covered altar of Uskayaw.
  3280 | D:4      | Reached XP level 6. HP: 47/47 MP: 10/10
  3514 | D:4      | Reached skill level 5 in Throwing
  3514 | D:4      | Reached skill level 5 in Dodging
  3764 | D:4      | Noticed Natasha
  3769 | D:4      | Killed Natasha
  4119 | D:4      | Reached XP level 7. HP: 49/52 MP: 10/12
  4732 | D:3      | Demolished by an orc warrior

Skill      XL: |  1  2  3  4  5  6  7 |
---------------+----------------------+-----
Invocations    | 1 2 |  2.6
Short Blades   | 1 2 |  2.4
Long Blades    | 1 2 |  2.4
Axes           | 1 2 |  2.4
Maces & Flails | 1 2 |  2.4
Polearms       | 1 2 |  2.4
Staves         | 1 2 |  2.4
Slings         | 1 2 |  2.4
Bows           | 1 2 |  2.4
Crossbows      | 1 2 |  2.4
Armour         | 1 2 |  2.4
Stealth        | 1 2 |  2.4
Shields        | 1 2 |  2.4
Unarmed Combat | 1 2 |  2.4
Evocations     | 1 2 |  2.4
Spellcasting   | 3 |  3.7
Conjurations   | 1 2 |  2.0
Charms         | 1 2 |  2.0
Summonings     | 1 2 |  2.0
Necromancy     | 1 2 |  2.0
Translocations | 1 2 |  2.0
Transmutations | 1 2 |  2.0
Fire Magic     | 1 2 |  2.0
Ice Magic      | 1 2 |  2.0
Air Magic      | 1 2 |  2.0
Earth Magic    | 1 2 |  2.0
Poison Magic   | 1 2 |  2.0
Fighting       | 3 |  3.5
Throwing       | 5 |  5.2
Dodging        | 5 |  5.2
Hexes          | |  5.8

Action                   |  1- 3 |  4- 6 |  7- 9 || total
-------------------------+-------+-------+-------++-------
Melee: Unarmed           |    64 |       |       ||    64
       Bite              |    14 |    17 |     4 ||    35
       Mace              |    49 |       |       ||    49
       Long sword        |    33 |   156 |    22 ||   211
       Dagger            |       |    15 |     1 ||    16
 Cast: Corona            |    28 |    15 |     3 ||    46
 Stab: Sleeping          |     6 |     9 |     2 ||    17
  Eat: Chunk             |     2 |     9 |     1 ||    12
Armor: Robe              |    38 |    28 |     3 ||    69
Dodge: Dodged            |   136 |   118 |    21 ||   275
       Rpst.: Long sword |    10 |    39 |     7 ||    56
